 Dungeon Crawl Stone Soup version 0.31-a0-188-g5e087ee2ca (webtiles) character file.

Game seed: 1676855772036334385

63 qw the Shooter (level 3, -2/20 HPs)
             Began as a Deep Elf Hunter on June 23, 2023.
             Constricted to death by Ijyb (4 damage)
             ... on level 3 of the Dungeon.
             The game lasted 00:00:31 (1330 turns).

qw the Shooter (Deep Elf Hunter)                    Turns: 1330, Time: 00:00:31

Health: -2/20      AC:  3    Str: 10    XL:     3   Next: 89%
Magic:  5/5        EV:  9    Int: 13    God:
Gold:   5          SH:  0    Dex: 18    Spells: 2/2 levels left

rFire   . . .        Y - +0 shortbow
rCold   . . .        (shield currently unavailable)
rNeg    . . .        c - +0 leather armour
rPois   .            (no helmet)
rElec   .            (no cloak)
rCorr   .            (no gloves)
SInv    .            (no boots)
Will    .....        (no amulet)
Stlth   ++           (no ring)
HPRegen 0.23/turn    (no ring)
MPRegen 0.09/turn

%: no passive effects
@: grasped by roots, constricted
A: no striking features
a: no special abilities


You were on level 3 of the Dungeon.
You visited 1 branch of the dungeon, and saw 3 of its levels.

You collected 82 gold pieces.
You spent 77 gold pieces at shops.


   Skills:
 - Level 1.5 Fighting
 + Level 7.3 Ranged Weapons
 - Level 2.4 Dodging
 - Level 1.2 Stealth


You had 2 spell levels left.
You didn't know any spells.
Your spell library was empty.

Inventory:

Hand Weapons
 Y - a +0 shortbow (weapon)
Armour
 c - a +0 leather armour (worn)
Scrolls
 b - 3 scrolls of identify
 e - 5 scrolls of teleportation

Dungeon Overview and Level Annotations

Branches:
Dungeon (3/15)

Altars:

Shops:
D:2 ?

Annotations:
D:3 Ijyb, Robin


Message History

You hear a shout!
A goblin comes into view. It is wielding a +0 dagger.
A goblin comes into view. It is wielding a +0 club.
The goblin moves out of view.
You hear a shout! x3
A goblin comes into view. It is wielding a +0 dagger.
You shoot an arrow. The arrow hits the hobgoblin!
You kill the hobgoblin!
You shoot an arrow. The arrow hits the goblin!
You kill the goblin!
The goblin unwields a +0 dagger.
The goblin wields a +0 sling.
The goblin shoots a sling bullet.
The sling bullet closely misses you.
Robin of the Strong Arm comes into view.
They are wielding a +4 spear.
You shoot an arrow. The arrow hits Ijyb.
Ijyb is moderately wounded.
A hobgoblin comes into view.
You shoot an arrow. The arrow hits Ijyb.
Ijyb is moderately wounded.
You shoot an arrow. The arrow hits Ijyb.
Ijyb is heavily wounded.
A hobgoblin comes into view.
You shoot an arrow. The arrow hits Ijyb but does no damage.
Ijyb is heavily wounded.
Ijyb hits you with a +0 club.
You shoot an arrow. The arrow closely misses Ijyb.
The arrow barely misses the goblin.
Ijyb closely misses you.
You shoot an arrow. The arrow hits Ijyb but does no damage.
Ijyb is heavily wounded.
Ijyb hits you with a +0 club.
The goblin unwields a +0 sling.
The goblin wields a +0 dagger.
The goblin barely misses you.
You shoot an arrow. The arrow hits Ijyb but does no damage.
Ijyb is heavily wounded.
Ijyb zaps a wand.
The roots erupt in riotous growth!
The grasping roots grab you!
Ijyb is unaffected.
The goblin is unaffected.
The grasping roots constrict you.
You shoot an arrow. The arrow barely misses Ijyb.
The arrow hits the goblin.
The goblin is moderately wounded.
Ijyb hits you with a +0 club. The grasping roots constrict you.
You die...

........## ##
........#.#...+....
)......#...#.#...##
.......#...#.#....+
.g........#.....#
.gg.....##.....#
#g.....##.....####
#@gP.8.##.........
##.8.8.'.....8.... #..
##......###.PP.....
.....#..8......#..8P....
.....#.........+..88....
...............#....####
...............#####....
......P.......#####%...
...#..............#.....


You could see Ijyb, 2 hobgoblins and 2 goblins.

Vanquished Creatures
  An adder (D:3)
  A worm (D:3)
  A dart slug (D:1)
  A ball python (D:1)
  6 bats
  4 endoplasms
  2 giant cockroaches (D:1)
  2 goblins
  7 hobgoblins
  3 jackals (D:1)
  A quokka (D:2)
  2 frilled lizards (D:1)
  4 kobolds
  A quokka skeleton (D:3)
  10 rats
46 creatures vanquished.

Notes
Turn   | Place    | Note
-------+----------+-------------------------------------------
     0 | D:1      | qw the Deep Elf Hunter began the quest for the Orb.
     0 | D:1      | Reached XP level 1. HP: 12/12 MP: 3/3
     0 | D:1      | 0 ||| qw: Version: 0.3-a-9-g12657ce
     0 | D:1      | 0 ||| qw: Game counter: 3264
     0 | D:1      | 0 ||| qw: Always use a shield: true
     0 | D:1      | 0 ||| qw: God list: Okawaru
     0 | D:1      | 0 ||| qw: Allow faded altars: false
     0 | D:1      | 0 ||| qw: Do Orc after D:15 true
     0 | D:1      | 0 ||| qw: Do second Lair branch before Depths: true
     0 | D:1      | 0 ||| qw: Lair rune preference: random
     0 | D:1      | 0 ||| qw: Plans: Normal
     0 | D:1      | 0 ||| PLANNING D:1-11
    61 | D:1      | Reached XP level 2. HP: 16/16 MP: 4/4
    85 | D:1      | Reached skill level 6 in Ranged Weapons
   400 | D:1      | Reached XP level 3. HP: 20/20 MP: 5/5
   469 | D:1      | 469 ||| READING scroll labelled WYOPUC ZABRA.
   470 | D:1      | 470 ||| READING 3 scrolls labelled CUUVUUSURU.
   473 | D:1      | 473 ||| DROPPING scroll of butterflies.
   666 | D:2      | 666 ||| Stepping ~*~*~tactically~*~*~ (water).
   758 | D:2      | Reached skill level 7 in Ranged Weapons
   761 | D:2      | Found Upuir's Magic Scroll Boutique.
   768 | D:2      | 768 ||| BUYING scroll of identify (22 gold).
   768 | D:2      | Bought a scroll of identify for 22 gold pieces
   768 | D:2      | 768 ||| BUYING scroll of identify (22 gold).
   768 | D:2      | Bought a scroll of identify for 22 gold pieces
   768 | D:2      | 768 ||| BUYING scroll of teleportation (33 gold).
   768 | D:2      | Bought a scroll of teleportation for 33 gold pieces
   768 | D:2      | 768 ||| SHOPLISTING scroll of teleportation (33 gold, have
                  | 5).
  1174 | D:2      | 1174 ||| READING 3 scrolls labelled QEYZIPR SAOWU.
  1175 | D:2      | 1175 ||| READING scroll labelled DAEX MIQOLOPS.
  1176 | D:2      | 1176 ||| DROPPING 2 scrolls of fog.
  1319 | D:3      | Noticed Ijyb
  1322 | D:3      | Noticed Robin
  1330 | D:3      | HP: 2/20 [Ijyb/+0 club (4)]
  1330 | D:3      | Constricted to death by Ijyb

Levels and vault maps discovered:
D:1:      ncdulo_wetmaze, layout_basic, minmay_misc_feat_tower,
          minmay_misc_feat_chi
D:2:      layout_loops_ring, serial_shops, shop, kennysheep_path_1
D:3:      layout_basic, serial_undead, serial_undead_b, serial_undead_c,
          serial_undead_d, serial_undead_b, serial_undead_f, serial_undead_c,
          serial_undead_c, serial_undead_c, serial_undead_e, serial_undead_c,
          chequers_serial_rivers_micro_a, nicolae_goblin_pals

Skill      XL: |  1  2  3 |
---------------+----------+-----
Ranged Weapons | 6 7 |  7.3
Fighting       | |  1.5
Dodging        | |  2.4
Stealth        | |  1.2

Action                     || total
---------------------------++-------
   Fire: Shortbow          ||   128
    Use: Scroll            ||     4
 Armour: Leather armour    ||     5
  Dodge: Dodged            ||    35

Table legend:
 A = Non-vault XP
 B = Vault XP
 C = Vault XP percentage of total XP
 D = Non-vault monster count
 E = Vault monster count
 F = Vault count percentage of total count
                 A         B        C        D         E       F
            +---------+---------+-------+---------+---------+-------
      Total |      86 |       5 |   5.5 |      43 |       3 |   6.5
            +---------+---------+-------+---------+---------+-------
        D:1 |      51 |       0 |   0.0 |      28 |       0 |   0.0
        D:2 |      16 |       0 |   0.0 |      12 |       0 |   0.0
        D:3 |      19 |       5 |  20.8 |       3 |       3 |  50.0
            +---------+---------+-------+---------+---------+-------
